 Dungeon Crawl Stone Soup version 0.30-a0-121-gb27577e5d9 (webtiles) character file.

Game seed: 6554346813153005222

133 zxpr0jk the Chiller (level 4, -4/33 HPs)
             Began as a Draconian Ice Elementalist on Sept 15, 2022.
             Was an Initiate of Ru.
             Slain by Pikel
             ... wielding a +0 whip of electrocution
              (8 damage)
             ... on level 3 of the Dungeon.
             The game lasted 00:08:00 (3067 turns).

zxpr0jk the Chiller (Draconian Ice Elementalist)    Turns: 3067, Time: 00:08:00

Health: -4/33      AC:  9    Str: 12    XL:     4   Next: 94%
Magic:  8/8        EV: 12    Int: 16    God:    Ru [......]
Gold:   114        SH:  0    Dex: 11    Spells: 8/9 levels left

rFire   . . .      SeeInvis .    q - +0 rapier (freeze)
rCold   . . .      Faith    .    (no shield)
rNeg    . . .      Spirit   .    (body armour unavailable)
rPois   .          Reflect  .    (helmet restricted)
rElec   .          Harm     .    e - +0 cloak
rCorr   .          Rampage  .    (no gloves)
Will    .....                    l - +2 pair of boots
Stlth   ++........               (no amulet)
HPRegen 0.11/turn                (no ring)
MPRegen 0.11/turn                (no ring)

@: no status effects
A: AC +5, unfitting armour, cold-blooded
a: Renounce Religion


You were on level 3 of the Dungeon.
You worshipped Ru.
Ru was noncommittal.
You visited 1 branch of the dungeon, and saw 4 of its levels.

You collected 114 gold pieces.

Inventory:

Hand Weapons
 q - a +0 rapier of freezing (weapon)
 r - a +2 short sword of venom
Missiles
 c - 24 stones (quivered)
 u - a throwing net
Armour
 e - a +0 cloak (worn)
 l - a +2 pair of boots (worn)
Wands
 h - a wand of light (4)
Scrolls
 b - 2 scrolls of magic mapping
 d - 3 scrolls of identify {unknown}
 f - 2 scrolls of butterflies {unknown}
 k - a scroll of poison {unknown}
 m - 3 scrolls of teleportation {unknown}
 n - a scroll of immolation {unknown}
 p - a scroll of acquirement {unknown}
 t - a scroll of enchant weapon {unknown}
Potions
 a - 2 potions of magic
 g - a potion of haste {unknown}
 i - 2 potions of degeneration {unknown}
 j - a potion of invisibility {unknown}
 o - a potion of curing
 s - a potion of lignification {unknown}


   Skills:
 - Level 1.7 Dodging
 - Level 1.7 Stealth
 + Level 3.1 Spellcasting
 * Level 5.7 Ice Magic


You had 8 spell levels left.
You knew the following spells:

 Your Spells              Type           Power      Damage    Failure   Level
a - Freeze                Ice            80%        1d9       1%          1

Your spell library contained the following spells:

 Spells                   Type           Power      Damage    Failure   Level
 Frozen Ramparts          Ice            40%        1d7       5%          3
 Ozocubu's Armour         Ice            20%        N/A       5%          3
 Scorch                   Fire           4%         2d5       28%         2
 Hailstorm                Conj/Ice       11%        3d5       50%         4
 Flame Wave               Conj/Fire      2%         2d4       88%         4
 Summon Cactus Giant      Summ           1%         N/A       100%        6


Dungeon Overview and Level Annotations

Branches:
Dungeon (4/15)
 Temple: D:4-7

Altars:
Ru

Annotations:
D:3 Pikel


Innate Abilities, Weirdness & Mutations

Your plain brown scales are hard. (AC +5)
You cannot fit into any form of body armour.
You are cold-blooded and may be slowed by cold attacks.


Message History

Pikel and 2 lemures come into view.
Pikel is wielding a +0 whip of electrocution.
You open the door.
A lemure comes into view.
There is an open door here.
You open the door.
There is an open door here.
The lemure shouts!
The dart slug launches a dart at you. The slug dart hits you.
The lemure shouts!
The lemure attacks as you move away! The lemure hits you.
The lemure attacks as you move away! The lemure closely misses you.
Pikel attacks as you move away! Pikel hits you but does no damage.
Pikel attacks as you move away! Pikel misses you.
Pikel attacks as you move away! Pikel closely misses you.
There is a stone staircase leading up here.
Pikel hits you but does no damage.
You are electrocuted!!
Ouch! That really hurt!
You climb upwards.
There is a stone staircase leading down here.
It was a potion of curing.
You feel better. Pikel closely misses you.
Casting: Freeze (safe; 1% risk of failure)
Confirm with . or Enter, or press ? or * to list all spells.
Aiming: Freeze (safe; 1% risk of failure)
Press: ? - help, Shift-Dir - straight line, f - Pikel
Aim: Pikel, wielding a +0 whip of electrocution and wearing a +0 robe
Okay, then.
Okay, then.
Aiming: Bolt of Light
Press: ? - help, Shift-Dir - straight line, f - Pikel
Aim: Pikel, wielding a +0 whip of electrocution and wearing a +0 robe (64% to hit)
The bolt of light hits Pikel!
Pikel is moderately wounded.
Pikel is blinded.
Pikel hits you but does no damage.
You are electrocuted!
* * * LOW HITPOINT WARNING * * *
As you read the scroll labelled TAWNOKI UNOHI, it crumbles to dust.
You feel momentarily disoriented.
It was a scroll of magic mapping.
Pikel hits you with a +0 whip of electrocution!
You die...

#############
#...........# #
#.#########.# # #.#
#.# # ##.## #.# #
##...## #.# #
#######...@K### #.#
#.............# #.#
#######.#####.....#.#
#.# ........#
##...##.# #.#
#########
##.###.#####.###
#.###.......†.#
#...........#.#
#############.# #.#


You could see Pikel (blind).

Vanquished Creatures
  4 gnolls (D:3)
  4 adders
  A dart slug (D:1)
  An orc (D:3)
  7 ball pythons
  5 bats
  3 endoplasms
  4 giant cockroaches
  5 goblins
  3 hobgoblins
  3 quokkas
  6 frilled lizards
  6 kobolds
  5 rats
57 creatures vanquished.

Notes
Turn   | Place    | Note
-------+----------+-------------------------------------------
     0 | D:1      | zxpr0jk the Draconian Ice Elementalist began the quest for
                  | the Orb.
     0 | D:1      | Reached XP level 1. HP: 14/14 MP: 3/3
   278 | D:1      | Reached XP level 2. HP: 20/20 MP: 1/5
   333 | D:1      | Found a faded altar of an unknown god.
  1077 | D:2      | Reached XP level 3. HP: 24/26 MP: 6/6
  1632 | D:2      | Reached skill level 5 in Ice Magic
  1914 | D:3      | Reached XP level 4. HP: 33/33 MP: 4/8
  2837 | D:3      | Found a sacrificial altar of Ru.
  2873 | D:3      | Became a worshipper of Ru the Awakened
  2971 | D:4      | Noticed a lemure
  3027 | D:4      | Noticed Pikel
  3027 | D:4      | Noticed a lemure
  3027 | D:4      | Noticed a lemure
  3028 | D:4      | Noticed a lemure
  3067 | D:3      | Slain by Pikel

Illustrated notes

Levels and vault maps discovered:
D:1:      minmay_arrival_doors, layout_loops_cross,
          chequers_ecumenical_altar_island, serial_park_tiny_1
D:2:      layout_loops_ring, st_stairs_4, minmay_fractal_squares_gapless_5
D:3:      layout_loops_ring, mainiacjoe_overflow_chevrons
D:4:      layout_basic, temple_hall, uniq_pikel, uniq_crazy_yiuf_cottage

Skill      XL: |  1  2  3  4 |
---------------+-------------+-----
Ice Magic      | 5 |  5.7
Spellcasting   | 3 |  3.1
Dodging        | |  1.7
Stealth        | |  1.7

Action                   |  1- 3 |  4- 6 || total
-------------------------+-------+-------++-------
Melee: Unarmed           |     7 |       ||     7
       Tailslap          |    15 |     1 ||    16
       Short sword       |    75 |     4 ||    79
       Punch             |     1 |       ||     1
       Rapier            |       |    14 ||    14
Throw: Stone             |     6 |       ||     6
 Cast: Freeze            |    28 |    21 ||    49
Evoke: Wand              |       |     1 ||     1
  Use: Scroll            |       |     1 ||     1
       Potion            |       |     1 ||     1
 Stab: Sleeping          |     6 |       ||     6
Armor: Skin              |    48 |    23 ||    71
Dodge: Dodged            |    61 |    30 ||    91

Table legend: (Time is in decaauts)
 A = Elapsed time spent in this place.
 B = Non-inter-level travel time spent in this place.
 C = Inter-level travel time spent in this place.
 D = Time resting spent in this place.
 E = Time spent auto-exploring this place.
 F = Levels seen in this place.
 G = Mean time per level.
                   A        B        C        D        E       F      G
               +--------+--------+--------+--------+--------+-----+--------+
         Total |   3072 |   3002 |     70 |    410 |   1857 |   4 |  768.0 |
       Dungeon |   3072 |   3002 |     70 |    410 |   1857 |   4 |  768.0 |
               +--------+--------+--------+--------+--------+-----+--------+

Top non-repeatable levels by time:
     D:3: 1067 daAuts
     D:1: 1005 daAuts
     D:2: 827 daAuts
     D:4: 172 daAuts
